Vancouver Canucks vs Detroit Red Wings
(R1)
Created - Thursday, May 23, 2024 at 07:09
Goals
|
| Vancouver Canucks |
0 |
0 |
2 |
2 |
| Detroit Red Wings |
1 |
3 |
2 |
6 |
|
Shots
|
| Vancouver Canucks |
15 |
2 |
10 |
27 |
| Detroit Red Wings |
13 |
16 |
8 |
37 |
|
1st period
1. Detroit Red Wings , Carter Verhaeghe 28 (Mika Zibanejad 60) at 1:48
Penalties :
Chad Ruhwedel (VAN) for Holding (Minor) at 2:39, Zach Bogosian (DET) for Delaying the game (Minor) at 5:37, Jesperi Kotkaniemi (VAN) for Interference (Minor) at 9:08, Jordie Benn (DET) for Roughing (Minor) at 13:51
2nd period
2. Detroit Red Wings , Steven Stamkos 35 (MacKenzie Weegar 34, Patrick Kane 36) at 0:54
3. Detroit Red Wings , Steven Stamkos 36 (Patrick Kane 37) at 2:15 (PP)
4. Detroit Red Wings , Mika Zibanejad 35 (Matthew Boldy 29, Carter Verhaeghe 38) at 14:36
Penalties :
Miro Heiskanen (VAN) for Cross-checking (Minor) at 1:15, Matthew Boldy (DET) for Holding (Minor) at 2:24, Clayton Keller (VAN) for Tripping (Minor) at 7:29, Artturi Lehkonen (VAN) for Hooking (Minor) at 11:14, Carter Verhaeghe (DET) for Holding (Minor) at 16:33, Jonathan Huberdeau (DET) for Tripping (Minor) at 19:43
3rd period
5. Detroit Red Wings , Jared McCann 17 (Jordie Benn 11) at 4:49 (SH)
6. Detroit Red Wings , Jared McCann 18 (Anthony Cirelli 22) at 4:53 (SH)
7. Vancouver Canucks , Adam Boqvist 1 (Noah Cates 8) at 7:01
8. Vancouver Canucks , Mikko Rantanen 23 (Aleksander Barkov 35, Jacob Bryson 12) at 9:57
Penalties :
MacKenzie Weegar (DET) for Hooking (Minor) at 4:43, Kevin Shattenkirk (DET) for Hooking (Minor) at 13:15, Zach Bogosian (DET) for Hooking (Minor) at 16:52
Goalie Stats
Joonas Korpisalo (VAN), 31 saves from 37 shots - (0.838), L, 21-21-5, 60:00 minutes
Vitek Vanecek (DET), 25 saves from 27 shots - (0.926), W, 30-23-9, 60:00 minutes
Players Stats for Vancouver Canucks
Player Name G A P +/- PIM S H SB GA TA FO MP PP MP PK MP
------------------------------------------------------------------------------------
Adam Boqvist 1 0 1 1 0 1 1 0 0 0 0/0 11:56 0:00 1:01
Aleksander Barkov 0 1 1 0 0 1 0 1 1 0 14/27 21:59 8:00 4:10
Anton Lundell 0 0 0 1 0 0 2 0 0 0 0/0 9:35 0:02 0:16
Artturi Lehkonen 0 0 0 -4 2 2 0 2 3 0 0/0 20:35 7:52 3:21
Casey Mittelstadt 0 0 0 -2 0 2 0 0 0 0 2/6 16:15 7:50 0:50
Chad Ruhwedel 0 0 0 -2 2 2 2 3 0 1 0/0 23:44 8:34 3:25
Clayton Keller 0 0 0 0 2 4 0 0 0 0 0/4 21:15 8:00 3:28
Jacob Bryson 0 1 1 -1 0 0 0 2 0 1 0/0 24:47 8:34 4:49
Jake Bean 0 0 0 1 0 0 1 2 0 0 0/0 10:26 0:00 0:00
Jesperi Kotkaniemi 0 0 0 0 2 0 2 0 0 0 4/9 8:39 0:00 1:37
Kasperi Kapanen 0 0 0 -2 0 2 0 0 0 0 0/0 8:34 0:02 0:00
Mikko Rantanen 1 0 1 0 0 4 2 0 3 0 0/1 21:59 8:00 4:10
Miro Heiskanen 0 0 0 -2 2 2 1 1 1 0 0/0 24:03 7:18 3:58
Noah Cates 0 1 1 1 0 5 1 0 0 0 2/3 9:07 0:00 0:00
Noah Hanifin 0 0 0 -3 0 1 3 0 1 1 0/0 25:11 7:18 4:39
Robby Fabbri 0 0 0 -2 0 0 1 0 0 0 3/11 8:22 0:00 0:00
Sam Lafferty 0 0 0 1 0 1 1 0 0 0 0/0 9:07 0:00 0:00
Taylor Raddysh 0 0 0 -2 0 0 0 1 0 0 0/0 15:25 7:50 0:00
Players Stats for Detroit Red Wings
Player Name G A P +/- PIM S H SB GA TA FO MP PP MP PK MP
------------------------------------------------------------------------------------
Alexander Barabanov 0 0 0 0 0 0 1 1 0 0 0/0 6:05 0:00 0:00
Anthony Cirelli 0 1 1 1 0 4 0 1 1 0 10/17 15:46 0:00 7:27
Arthur Kaliyev 0 0 0 0 0 1 0 0 0 1 0/0 6:26 0:00 0:00
Carter Verhaeghe 1 1 2 1 2 8 0 2 1 0 0/0 14:07 4:15 0:00
Daniel Sprong 0 0 0 -1 0 1 1 0 1 0 2/2 15:24 4:37 0:43
Jared McCann 2 0 2 3 0 2 1 0 0 1 1/2 21:45 4:41 7:27
Jonathan Huberdeau 0 0 0 -1 2 0 0 0 0 0 0/0 7:09 0:00 0:00
Jordie Benn 0 1 1 1 2 1 2 2 0 3 0/0 17:47 0:00 6:34
Josh Bailey 0 0 0 0 0 0 3 0 0 0 0/4 15:02 0:00 7:42
Kevin Shattenkirk 0 0 0 3 2 1 0 1 0 1 0/0 25:44 4:19 6:55
MacKenzie Weegar 0 1 1 2 2 1 2 0 0 2 0/0 26:07 4:19 7:17
Matthew Boldy 0 1 1 1 2 4 1 0 0 0 0/0 13:37 4:15 0:00
Mika Zibanejad 1 1 2 1 0 6 0 1 0 0 17/26 22:50 4:15 7:57
Patrick Kane 0 2 2 1 0 0 0 0 0 0 0/0 13:51 4:41 0:00
Philippe Myers 0 0 0 0 0 0 0 0 0 0 0/0 12:39 0:00 2:38
Shayne Gostisbehere 0 0 0 1 0 3 2 1 0 0 0/0 22:50 4:37 7:33
Steven Stamkos 2 0 2 1 0 5 0 0 0 0 6/10 15:50 4:41 0:28
Zach Bogosian 0 0 0 -1 4 0 0 1 0 1 0/0 11:01 0:00 0:47
3 Stars
1 - Jared McCann (DET)
2 - Steven Stamkos (DET)
3 - Mika Zibanejad (DET)
Power Play
Vancouver Canucks - 0 on 8 Attempt(s) - 0.00%
Detroit Red Wings - 1 on 5 Attempt(s) - 20.00%
Penalty Kill
Vancouver Canucks - 4 on 5 Attempt(s) - 80.00%
- Score 0 goal in Penalty Kill
Detroit Red Wings - 8 on 8 Attempt(s) - 100.00%
- Score 2 goal in Penalty Kill
Team Stat
Vancouver Canucks - Hits : 17 - Faceoff Wins : 25 - Blocked Shots : 12 - Penalty Minutes : 10
Detroit Red Wings - Hits : 13 - Faceoff Wins : 36 - Blocked Shots : 10 - Penalty Minutes : 16
Official
Referees : Evgeny Romasko and Kendrick Nicholson
Linesman : Vaughan Rody and Pierre Racicot
Game Notes
No Game Note
Finance
Level 1 -- Attendance: 4666 (77.77%) -- Ticket Income $466,600
Level 2 -- Attendance: 3387 (67.74%) -- Ticket Income $203,220
Level 3 -- Attendance: 2026 (67.53%) -- Ticket Income $70,910
Level 4 -- Attendance: 3504 (70.08%) -- Ticket Income $87,600
Luxury Box -- Attendance: 818 (81.80%) -- Ticket Income $163,600
Game was played at the Joe Louis Arena.
Total Attendance: 14401 (72.01%)
Total Ticket Income: $991,930
Other Income: $347,176
Total Income: $1,339,106
Vancouver Canucks
5 vs 5 Forward
Center Left Wing Right Wing Time % Phy DF OF
1 Aleksander Barkov Clayton Keller Mikko Rantanen 30 1 2 2
2 Robby Fabbri Artturi Lehkonen Kasperi Kapanen 30 1 2 2
3 Jesperi Kotkaniemi Casey Mittelstadt Taylor Raddysh 25 1 2 2
4 Noah Cates Anton Lundell Sam Lafferty 15 1 2 2
5 vs 5 Defense
Defense Defense Time % Phy DF OF
1 Adam Boqvist Miro Heiskanen 30 1 2 2
2 Noah Hanifin Jake Bean 30 1 2 2
3 Chad Ruhwedel Jacob Bryson 25 1 2 2
4 Noah Hanifin Miro Heiskanen 15 1 2 2
PowerPlay Forward
Center Left Wing Right Wing Time % Phy DF OF
1 Aleksander Barkov Clayton Keller Mikko Rantanen 50 1 2 2
2 Casey Mittelstadt Artturi Lehkonen Taylor Raddysh 50 1 2 2
PowerPlay Defense
Defense Defense Time % Phy DF OF
1 Noah Hanifin Miro Heiskanen 50 1 2 2
2 Chad Ruhwedel Jacob Bryson 50 1 2 2
Penalty Kill 4 Players Forward
Center Wing Time % Phy DF OF
1 Aleksander Barkov Mikko Rantanen 50 1 2 2
2 Clayton Keller Artturi Lehkonen 50 1 2 2
Penalty Kill 4 Players Defense
Defense Defense Time % Phy DF OF
1 Noah Hanifin Miro Heiskanen 50 1 2 2
2 Chad Ruhwedel Jacob Bryson 50 1 2 2
Penalty Kill - 3 Players Forward
Forward Time % Phy DF OF
1 Aleksander Barkov 50 1 2 2
2 Mikko Rantanen 50 1 2 2
Penalty Kill - 3 Players Defense
Defense Defense Time % Phy DF OF
1 Noah Hanifin Miro Heiskanen 50 1 2 2
2 Chad Ruhwedel Adam Boqvist 50 1 2 2
4 vs 4 Forward
Center Wing Time % Phy DF OF
1 Aleksander Barkov Mikko Rantanen 50 1 2 2
2 Clayton Keller Artturi Lehkonen 50 1 2 2
4 vs 4 Defense
Defense Defense Time % Phy DF OF
1 Noah Hanifin Miro Heiskanen 50 1 2 2
2 Chad Ruhwedel Jacob Bryson 50 1 2 2
Last Minutes Offensive
Center Left Wing Right Wing Defense Defense
Aleksander Barkov Clayton Keller Mikko Rantanen Noah Hanifin Miro Heiskanen
Last Minutes Defensive
Center Left Wing Right Wing Defense Defense
Aleksander Barkov Clayton Keller Mikko Rantanen Noah Hanifin Miro Heiskanen
Goaltenders
Starting : Joonas Korpisalo
Backup : Ville Husso
Extra Forwards
Normal : Taylor Raddysh, Anton Lundell, Jesperi Kotkaniemi - PP : Taylor Raddysh, Anton Lundell - PK : Jesperi Kotkaniemi
Extra Defensemen
Normal : Miro Heiskanen, Jacob Bryson, Chad Ruhwedel - PP : Noah Hanifin - PK : Jacob Bryson, Chad Ruhwedel
Penalty Shots
Aleksander Barkov, Mikko Rantanen, Clayton Keller, Artturi Lehkonen, Casey Mittelstadt
Detroit Red Wings
5 vs 5 Forward
Center Left Wing Right Wing Time % Phy DF OF
1 Steven Stamkos Jared McCann Patrick Kane 35 0 1 4
2 Mika Zibanejad Carter Verhaeghe Matthew Boldy 30 1 2 2
3 Anthony Cirelli Jonathan Huberdeau Daniel Sprong 25 1 2 2
4 Josh Bailey Alexander Barabanov Arthur Kaliyev 10 1 2 2
5 vs 5 Defense
Defense Defense Time % Phy DF OF
1 Kevin Shattenkirk MacKenzie Weegar 40 1 2 2
2 Jordie Benn Shayne Gostisbehere 30 1 2 2
3 Zach Bogosian Philippe Myers 20 3 1 1
4 Kevin Shattenkirk MacKenzie Weegar 10 1 2 2
PowerPlay Forward
Center Left Wing Right Wing Time % Phy DF OF
1 Steven Stamkos Jared McCann Patrick Kane 50 0 1 4
2 Mika Zibanejad Carter Verhaeghe Matthew Boldy 50 0 1 4
PowerPlay Defense
Defense Defense Time % Phy DF OF
1 Kevin Shattenkirk MacKenzie Weegar 50 1 2 2
2 Shayne Gostisbehere Daniel Sprong 50 1 2 2
Penalty Kill 4 Players Forward
Center Wing Time % Phy DF OF
1 Anthony Cirelli Jared McCann 50 2 2 1
2 Mika Zibanejad Josh Bailey 50 2 2 1
Penalty Kill 4 Players Defense
Defense Defense Time % Phy DF OF
1 Kevin Shattenkirk MacKenzie Weegar 50 2 2 1
2 Jordie Benn Shayne Gostisbehere 50 2 2 1
Penalty Kill - 3 Players Forward
Forward Time % Phy DF OF
1 Mika Zibanejad 50 1 2 2
2 Anthony Cirelli 50 1 2 2
Penalty Kill - 3 Players Defense
Defense Defense Time % Phy DF OF
1 Kevin Shattenkirk MacKenzie Weegar 50 1 2 2
2 Jordie Benn Shayne Gostisbehere 50 2 2 1
4 vs 4 Forward
Center Wing Time % Phy DF OF
1 Mika Zibanejad Carter Verhaeghe 60 1 2 2
2 Steven Stamkos Matthew Boldy 40 1 1 3
4 vs 4 Defense
Defense Defense Time % Phy DF OF
1 Kevin Shattenkirk MacKenzie Weegar 60 1 2 2
2 Jordie Benn Shayne Gostisbehere 40 1 2 2
Last Minutes Offensive
Center Left Wing Right Wing Defense Defense
Mika Zibanejad Carter Verhaeghe Matthew Boldy Kevin Shattenkirk MacKenzie Weegar
Last Minutes Defensive
Center Left Wing Right Wing Defense Defense
Mika Zibanejad Carter Verhaeghe Matthew Boldy Kevin Shattenkirk MacKenzie Weegar
Goaltenders
Starting : Vitek Vanecek
Backup : Laurent Brossoit
Extra Forwards
Normal : Josh Bailey, Daniel Sprong, Arthur Kaliyev - PP : Josh Bailey, Arthur Kaliyev - PK : Jared McCann
Extra Defensemen
Normal : Philippe Myers, Zach Bogosian, Shayne Gostisbehere - PP : Kevin Shattenkirk - PK : Philippe Myers, Zach Bogosian
Penalty Shots
Mika Zibanejad, Jonathan Huberdeau, Matthew Boldy, Carter Verhaeghe, Jared McCann
% Time on Ice - Vancouver Canucks
Lines # - Real PCT - Wanted PCT - Time Play
Normal Forward
1 - 28% - 30% - 9:49
2 - 28% - 30% - 9:43
3 - 19% - 25% - 6:33
4 - 26% - 15% - 9:07
Normal Defense
1 - 33% - 30% - 11:35
2 - 34% - 30% - 12:01
3 - 27% - 25% - 9:25
4 - 6% - 15% - 2:11
PP Forward
1 - 50% - 50% - 8:00
2 - 50% - 50% - 7:52
PP Defense
1 - 46% - 50% - 7:18
2 - 54% - 50% - 8:34
PK Forward
1 - 47% - 50% - 4:10
2 - 53% - 50% - 4:46
PK Defense
1 - 52% - 50% - 4:39
2 - 48% - 50% - 4:17
PK3 Forward
1 - 0% - 50%
2 - 0% - 50%
PK3 Defense
1 - 0% - 50%
2 - 0% - 50%
44 Forward
1 - 0% - 50%
2 - 0% - 50%
44 Defense
1 - 0% - 50%
2 - 0% - 50%
Last Minute Offensive - 0:00
Last Minute Defensive - 0:00
Total
Forward - 60:00
Defense - 60:00
|
% Time on Ice - Detroit Red Wings
Lines # - Real PCT - Wanted PCT - Time Play
Normal Forward
1 - 32% - 35% - 11:25
2 - 30% - 30% - 10:38
3 - 20% - 25% - 7:04
4 - 17% - 10% - 6:05
Normal Defense
1 - 41% - 40% - 14:31
2 - 30% - 30% - 10:40
3 - 28% - 20% - 10:01
4 - 0% - 10% - 0:00
PP Forward
1 - 52% - 50% - 4:41
2 - 48% - 50% - 4:15
PP Defense
1 - 48% - 50% - 4:19
2 - 52% - 50% - 4:37
PK Forward
1 - 50% - 50% - 7:52
2 - 50% - 50% - 8:00
PK Defense
1 - 52% - 50% - 8:19
2 - 48% - 50% - 7:33
PK3 Forward
1 - 0% - 50%
2 - 0% - 50%
PK3 Defense
1 - 0% - 50%
2 - 0% - 50%
44 Forward
1 - 0% - 60%
2 - 0% - 40%
44 Defense
1 - 0% - 60%
2 - 0% - 40%
Last Minute Offensive - 0:00
Last Minute Defensive - 0:00
Total
Forward - 60:00
Defense - 60:00
|
Play-by-Play
1st period
0:01 of 1st period - Aleksander Barkov wins face-off versus Steven Stamkos in neutral zone.
0:06 of 1st period - Miro Heiskanen is hit by MacKenzie Weegar.
0:09 of 1st period - Off-side.
0:10 of 1st period - Aleksander Barkov wins face-off versus Steven Stamkos in neutral zone.
0:17 of 1st period - Wrist shot by Mikko Rantanen.
0:17 of 1st period - Stopped by Vitek Vanecek with a rebound.
1:16 of 1st period - Wrist shot by Aleksander Barkov.
1:16 of 1st period - Stopped by Vitek Vanecek with a rebound.
1:40 of 1st period - Snap shot by Clayton Keller.
1:40 of 1st period - Stopped by Vitek Vanecek without a rebound.
1:41 of 1st period - Mika Zibanejad wins face-off versus Robby Fabbri in Detroit Red Wings zone.
1:48 of 1st period - Snap shot by Carter Verhaeghe.
1:48 of 1st period - Deflect By Noah Hanifin.
1:48 of 1st period - Goal by Carter Verhaeghe - Vancouver Canucks : 0 - Detroit Red Wings : 1.
1:49 of 1st period - Anthony Cirelli wins face-off versus Jesperi Kotkaniemi in neutral zone.
1:52 of 1st period - Snap shot by Daniel Sprong.
1:52 of 1st period - Shot Misses the Net.
1:54 of 1st period - Snap shot by Anthony Cirelli.
1:54 of 1st period - Shot Blocked by Chad Ruhwedel.
1:56 of 1st period - Slapshot by Shayne Gostisbehere.
1:56 of 1st period - Stopped by Joonas Korpisalo with a rebound.
1:58 of 1st period - Snap shot by Jonathan Huberdeau.
1:58 of 1st period - Shot Blocked by Jacob Bryson.
2:00 of 1st period - Slapshot by Shayne Gostisbehere.
2:00 of 1st period - Stopped by Joonas Korpisalo without a rebound.
2:01 of 1st period - Robby Fabbri wins face-off versus Mika Zibanejad in Vancouver Canucks zone.
2:10 of 1st period - Backhand shot by Artturi Lehkonen.
2:10 of 1st period - Stopped by Vitek Vanecek without a rebound.
2:11 of 1st period - Mika Zibanejad wins face-off versus Robby Fabbri in Detroit Red Wings zone.
2:11 of 1st period - Mika Zibanejad is hit by Robby Fabbri.
2:27 of 1st period - Slapshot by Mika Zibanejad.
2:27 of 1st period - Shot Blocked by Jake Bean.
2:29 of 1st period - Wrist shot by Philippe Myers.
2:29 of 1st period - Shot Blocked by Jake Bean.
2:31 of 1st period - Snap shot by Carter Verhaeghe.
2:31 of 1st period - Stopped by Joonas Korpisalo with a rebound.
2:35 of 1st period - Snap shot by Carter Verhaeghe.
2:35 of 1st period - Stopped by Joonas Korpisalo without a rebound.
2:36 of 1st period - Anthony Cirelli wins face-off versus Jesperi Kotkaniemi in Vancouver Canucks zone.
2:37 of 1st period - Snap shot by Daniel Sprong.
2:37 of 1st period - Shot Blocked by Jacob Bryson.
2:39 of 1st period - Minor Penalty to Chad Ruhwedel for Holding.
2:40 of 1st period - Steven Stamkos wins face-off versus Aleksander Barkov in Vancouver Canucks zone.
3:17 of 1st period - Slapshot by Matthew Boldy.
3:17 of 1st period - Deflect By Mika Zibanejad.
3:17 of 1st period - Stopped by Joonas Korpisalo with a rebound.
4:39 of 1st period - Penalty to Chad Ruhwedel is over, Chad Ruhwedel is back on ice.
4:40 of 1st period - Jacob Bryson is hit by Jared McCann and loses puck.
5:35 of 1st period - Wrist shot by Artturi Lehkonen.
5:35 of 1st period - Shot Misses the Net.
5:37 of 1st period - Minor Penalty to Zach Bogosian for Delaying the game.
5:38 of 1st period - Aleksander Barkov wins face-off versus Josh Bailey in Detroit Red Wings zone.
5:41 of 1st period - Wrist shot by Mikko Rantanen.
5:41 of 1st period - Shot Blocked by Jordie Benn.
6:05 of 1st period - Casey Mittelstadt is hit by Jordie Benn and loses puck.
7:12 of 1st period - Jordie Benn is hit by Mikko Rantanen and loses puck.
7:37 of 1st period - Penalty to Zach Bogosian is over, Zach Bogosian is back on ice.
7:41 of 1st period - MacKenzie Weegar is hit by Anton Lundell and loses puck.
8:41 of 1st period - Wrist shot by Matthew Boldy.
8:41 of 1st period - Stopped by Joonas Korpisalo without a rebound.
8:42 of 1st period - Aleksander Barkov wins face-off versus Josh Bailey in Vancouver Canucks zone.
8:53 of 1st period - Miro Heiskanen is hit by Alexander Barabanov and loses puck.
9:06 of 1st period - Snap shot by Steven Stamkos.
9:06 of 1st period - Stopped by Joonas Korpisalo with a rebound.
9:08 of 1st period - Minor Penalty to Jesperi Kotkaniemi for Interference.
9:09 of 1st period - Mika Zibanejad wins face-off versus Clayton Keller in Vancouver Canucks zone.
9:10 of 1st period - Wrist shot by Carter Verhaeghe.
9:10 of 1st period - Deflect By Mika Zibanejad.
9:10 of 1st period - Shot Blocked by Artturi Lehkonen.
9:10 of 1st period - Puck is out of play.
9:11 of 1st period - Mika Zibanejad wins face-off versus Clayton Keller in Vancouver Canucks zone.
9:20 of 1st period - Snap shot by Carter Verhaeghe.
9:20 of 1st period - Stopped by Joonas Korpisalo with a rebound.
11:08 of 1st period - Penalty to Jesperi Kotkaniemi is over, Jesperi Kotkaniemi is back on ice.
11:28 of 1st period - Philippe Myers is hit by Sam Lafferty and loses puck.
11:48 of 1st period - Slapshot by Casey Mittelstadt.
11:48 of 1st period - Stopped by Vitek Vanecek without a rebound.
11:49 of 1st period - Jesperi Kotkaniemi wins face-off versus Anthony Cirelli in Detroit Red Wings zone.
11:50 of 1st period - Wrist shot by Casey Mittelstadt.
11:50 of 1st period - Stopped by Vitek Vanecek with a rebound.
12:13 of 1st period - Snap shot by Anthony Cirelli.
12:13 of 1st period - Deflect By Daniel Sprong.
12:13 of 1st period - Stopped by Joonas Korpisalo with a rebound.
12:25 of 1st period - Slapshot by Anthony Cirelli.
12:25 of 1st period - Stopped by Joonas Korpisalo without a rebound.
12:26 of 1st period - Robby Fabbri wins face-off versus Mika Zibanejad in Vancouver Canucks zone.
12:53 of 1st period - Aleksander Barkov is hit by MacKenzie Weegar and loses puck.
13:51 of 1st period - Minor Penalty to Jordie Benn for Roughing.
13:52 of 1st period - Anthony Cirelli wins face-off versus Casey Mittelstadt in Detroit Red Wings zone.
14:21 of 1st period - Off-side.
14:22 of 1st period - Mika Zibanejad wins face-off versus Aleksander Barkov in neutral zone.
14:55 of 1st period - Snap shot by Casey Mittelstadt.
14:55 of 1st period - Shot Blocked by Shayne Gostisbehere.
14:57 of 1st period - Slapshot by Jacob Bryson.
14:57 of 1st period - Shot Blocked by Anthony Cirelli.
15:48 of 1st period - Icing by Artturi Lehkonen.
15:49 of 1st period - Anthony Cirelli wins face-off versus Casey Mittelstadt in Vancouver Canucks zone.
15:51 of 1st period - Penalty to Jordie Benn is over, Jordie Benn is back on ice.
15:52 of 1st period - Snap shot by Anthony Cirelli.
15:52 of 1st period - Shot Misses the Net.
16:00 of 1st period - Slapshot by Jared McCann.
16:00 of 1st period - Shot Misses the Net.
16:30 of 1st period - Slapshot by Anthony Cirelli.
16:30 of 1st period - Stopped by Joonas Korpisalo with a rebound.
16:34 of 1st period - Snap shot by Anthony Cirelli.
16:34 of 1st period - Stopped by Joonas Korpisalo without a rebound.
16:35 of 1st period - Mika Zibanejad wins face-off versus Aleksander Barkov in Vancouver Canucks zone.
16:46 of 1st period - Wrist shot by Clayton Keller.
16:46 of 1st period - Stopped by Vitek Vanecek with a rebound.
17:10 of 1st period - Slapshot by Miro Heiskanen.
17:10 of 1st period - Stopped by Vitek Vanecek with a rebound.
17:12 of 1st period - Snap shot by Noah Cates.
17:12 of 1st period - Stopped by Vitek Vanecek with a rebound.
17:14 of 1st period - Slapshot by Noah Hanifin.
17:14 of 1st period - Stopped by Vitek Vanecek without a rebound.
17:15 of 1st period - Aleksander Barkov wins face-off versus Josh Bailey in Detroit Red Wings zone.
17:20 of 1st period - Wrist shot by Aleksander Barkov.
17:20 of 1st period - Shot Misses the Net.
17:22 of 1st period - Wrist shot by Clayton Keller.
17:22 of 1st period - Stopped by Vitek Vanecek with a rebound.
17:24 of 1st period - Slapshot by Chad Ruhwedel.
17:24 of 1st period - Stopped by Vitek Vanecek with a rebound.
17:26 of 1st period - Slapshot by Chad Ruhwedel.
17:26 of 1st period - Stopped by Vitek Vanecek with a rebound.
17:28 of 1st period - Wrist shot by Aleksander Barkov.
17:28 of 1st period - Shot Blocked by Alexander Barabanov.
17:30 of 1st period - Snap shot by Mikko Rantanen.
17:30 of 1st period - Stopped by Vitek Vanecek with a rebound.
17:48 of 1st period - Wrist shot by Sam Lafferty.
17:48 of 1st period - Stopped by Vitek Vanecek with a rebound.
18:12 of 1st period - Wrist shot by Patrick Kane.
18:12 of 1st period - Shot Misses the Net.
18:14 of 1st period - Wrist shot by Patrick Kane.
18:14 of 1st period - Shot Misses the Net.
18:16 of 1st period - Wrist shot by Jared McCann.
18:16 of 1st period - Deflect By Artturi Lehkonen.
18:16 of 1st period - Shot Blocked by Miro Heiskanen.
18:16 of 1st period - Puck is out of play.
18:17 of 1st period - Jesperi Kotkaniemi wins face-off versus Mika Zibanejad in Vancouver Canucks zone.
19:15 of 1st period - Jared McCann is hit by Anton Lundell and loses puck.
19:20 of 1st period - Snap shot by Sam Lafferty.
19:20 of 1st period - Shot Misses the Net.
19:56 of 1st period - Carter Verhaeghe is hit by Jesperi Kotkaniemi and loses puck.
Goals for this period are 0 for Vancouver Canucks vs 1 for Detroit Red Wings.
Shots for this period are 15 for Vancouver Canucks vs 13 for Detroit Red Wings.
2nd period
0:01 of 2nd period - Mika Zibanejad wins face-off versus Robby Fabbri in neutral zone.
0:14 of 2nd period - Backhand shot by Matthew Boldy.
0:14 of 2nd period - Stopped by Joonas Korpisalo without a rebound.
0:15 of 2nd period - Anthony Cirelli wins face-off versus Aleksander Barkov in Vancouver Canucks zone.
0:16 of 2nd period - Snap shot by Jonathan Huberdeau.
0:16 of 2nd period - Shot Misses the Net.
0:18 of 2nd period - Snap shot by Anthony Cirelli.
0:18 of 2nd period - Stopped by Joonas Korpisalo without a rebound.
0:19 of 2nd period - Anthony Cirelli wins face-off versus Mikko Rantanen in Vancouver Canucks zone.
0:26 of 2nd period - Snap shot by Daniel Sprong.
0:26 of 2nd period - Shot Misses the Net.
0:32 of 2nd period - Wrist shot by Jonathan Huberdeau.
0:32 of 2nd period - Shot Misses the Net.
0:50 of 2nd period - Wrist shot by Steven Stamkos.
0:50 of 2nd period - Stopped by Joonas Korpisalo with a rebound.
0:52 of 2nd period - Slapshot by MacKenzie Weegar.
0:52 of 2nd period - Stopped by Joonas Korpisalo with a rebound.
0:54 of 2nd period - Slapshot by Steven Stamkos.
0:54 of 2nd period - Goal by Steven Stamkos - Vancouver Canucks : 0 - Detroit Red Wings : 2.
0:55 of 2nd period - Mika Zibanejad wins face-off versus Robby Fabbri in neutral zone.
1:06 of 2nd period - Wrist shot by Carter Verhaeghe.
1:06 of 2nd period - Stopped by Joonas Korpisalo with a rebound.
1:15 of 2nd period - Minor Penalty to Miro Heiskanen for Cross-checking.
1:16 of 2nd period - Mika Zibanejad wins face-off versus Aleksander Barkov in Vancouver Canucks zone.
1:28 of 2nd period - Snap shot by Mika Zibanejad.
1:28 of 2nd period - Stopped by Joonas Korpisalo with a rebound.
1:30 of 2nd period - Slapshot by Shayne Gostisbehere.
1:30 of 2nd period - Deflect By Mika Zibanejad.
1:30 of 2nd period - Shot Misses the Net.
1:30 of 2nd period - Puck is out of play.
1:31 of 2nd period - Aleksander Barkov wins face-off versus Steven Stamkos in Vancouver Canucks zone.
2:07 of 2nd period - Slapshot by Mika Zibanejad.
2:07 of 2nd period - Stopped by Joonas Korpisalo without a rebound.
2:08 of 2nd period - Steven Stamkos wins face-off versus Aleksander Barkov in Vancouver Canucks zone.
2:15 of 2nd period - Wrist shot by Steven Stamkos.
2:15 of 2nd period - Goal by Steven Stamkos - Vancouver Canucks : 0 - Detroit Red Wings : 3.
2:16 of 2nd period - Mika Zibanejad wins face-off versus Robby Fabbri in neutral zone.
2:24 of 2nd period - Minor Penalty to Matthew Boldy for Holding.
2:25 of 2nd period - Anthony Cirelli wins face-off versus Aleksander Barkov in Detroit Red Wings zone.
3:31 of 2nd period - MacKenzie Weegar is hit by Mikko Rantanen and loses puck.
3:46 of 2nd period - Jordie Benn is hit by Noah Hanifin and loses puck.
4:24 of 2nd period - Penalty to Matthew Boldy is over, Matthew Boldy is back on ice.
5:07 of 2nd period - Philippe Myers is hit by Noah Hanifin and loses puck.
6:48 of 2nd period - Icing by Shayne Gostisbehere.
6:49 of 2nd period - Jesperi Kotkaniemi wins face-off versus Josh Bailey in Detroit Red Wings zone.
7:07 of 2nd period - Off-side.
7:08 of 2nd period - Aleksander Barkov wins face-off versus Anthony Cirelli in neutral zone.
7:23 of 2nd period - Wrist shot by Daniel Sprong.
7:23 of 2nd period - Shot Misses the Net.
7:29 of 2nd period - Minor Penalty to Clayton Keller for Tripping.
7:30 of 2nd period - Mika Zibanejad wins face-off versus Aleksander Barkov in Vancouver Canucks zone.
7:39 of 2nd period - Snap shot by Mika Zibanejad.
7:39 of 2nd period - Shot Blocked by Aleksander Barkov.
8:55 of 2nd period - Artturi Lehkonen is hit by Shayne Gostisbehere and loses puck.
9:29 of 2nd period - Penalty to Clayton Keller is over, Clayton Keller is back on ice.
10:10 of 2nd period - Shayne Gostisbehere is hit by Adam Boqvist.
10:56 of 2nd period - Josh Bailey is hit by Noah Hanifin and loses puck.
11:14 of 2nd period - Minor Penalty to Artturi Lehkonen for Hooking.
11:15 of 2nd period - Aleksander Barkov wins face-off versus Mika Zibanejad in Vancouver Canucks zone.
11:48 of 2nd period - Off-side.
11:49 of 2nd period - Steven Stamkos wins face-off versus Clayton Keller in neutral zone.
13:14 of 2nd period - Penalty to Artturi Lehkonen is over, Artturi Lehkonen is back on ice.
13:30 of 2nd period - Wrist shot by Miro Heiskanen.
13:30 of 2nd period - Shot Misses the Net.
13:37 of 2nd period - Off-side.
13:38 of 2nd period - Mika Zibanejad wins face-off versus Robby Fabbri in neutral zone.
13:44 of 2nd period - Off-side.
13:45 of 2nd period - Mika Zibanejad wins face-off versus Robby Fabbri in neutral zone.
14:22 of 2nd period - Wrist shot by Kasperi Kapanen.
14:22 of 2nd period - Stopped by Vitek Vanecek with a rebound.
14:28 of 2nd period - Snap shot by Mika Zibanejad.
14:28 of 2nd period - Stopped by Joonas Korpisalo with a rebound.
14:30 of 2nd period - Slapshot by Carter Verhaeghe.
14:30 of 2nd period - Stopped by Joonas Korpisalo with a rebound.
14:32 of 2nd period - Slapshot by Carter Verhaeghe.
14:32 of 2nd period - Stopped by Joonas Korpisalo with a rebound.
14:36 of 2nd period - Snap shot by Mika Zibanejad.
14:36 of 2nd period - Goal by Mika Zibanejad - Vancouver Canucks : 0 - Detroit Red Wings : 4.
14:37 of 2nd period - Aleksander Barkov wins face-off versus Jared McCann in neutral zone.
14:40 of 2nd period - Snap shot by Clayton Keller.
14:40 of 2nd period - Shot Misses the Net.
15:01 of 2nd period - Icing by Clayton Keller.
15:02 of 2nd period - Anthony Cirelli wins face-off versus Jesperi Kotkaniemi in Vancouver Canucks zone.
15:15 of 2nd period - Anthony Cirelli is hit by Jake Bean and loses puck.
16:11 of 2nd period - Off-side.
16:12 of 2nd period - Noah Cates wins face-off versus Mika Zibanejad in neutral zone.
16:14 of 2nd period - Adam Boqvist is hit by Jordie Benn and loses puck.
16:17 of 2nd period - Wrist shot by Anton Lundell.
16:17 of 2nd period - Shot Blocked by Carter Verhaeghe.
16:21 of 2nd period - Wrist shot by Anton Lundell.
16:21 of 2nd period - Shot Misses the Net.
16:23 of 2nd period - Wrist shot by Noah Cates.
16:23 of 2nd period - Stopped by Vitek Vanecek with a rebound.
16:25 of 2nd period - Snap shot by Noah Cates.
16:25 of 2nd period - Shot Misses the Net.
16:27 of 2nd period - Snap shot by Noah Cates.
16:27 of 2nd period - Shot Blocked by Carter Verhaeghe.
16:33 of 2nd period - Minor Penalty to Carter Verhaeghe for Holding.
16:34 of 2nd period - Aleksander Barkov wins face-off versus Anthony Cirelli in Detroit Red Wings zone.
17:01 of 2nd period - Anthony Cirelli is hit by Miro Heiskanen and loses puck.
18:33 of 2nd period - Penalty to Carter Verhaeghe is over, Carter Verhaeghe is back on ice.
18:50 of 2nd period - Snap shot by Carter Verhaeghe.
18:50 of 2nd period - Stopped by Joonas Korpisalo with a rebound.
18:52 of 2nd period - Wrist shot by Daniel Sprong.
18:52 of 2nd period - Deflect By Steven Stamkos.
18:52 of 2nd period - Stopped by Joonas Korpisalo with a rebound.
18:54 of 2nd period - Slapshot by Jordie Benn.
18:54 of 2nd period - Stopped by Joonas Korpisalo with a rebound.
19:43 of 2nd period - Minor Penalty to Jonathan Huberdeau for Tripping.
19:44 of 2nd period - Aleksander Barkov wins face-off versus Anthony Cirelli in Detroit Red Wings zone.
Goals for this period are 0 for Vancouver Canucks vs 3 for Detroit Red Wings.
Shots for this period are 2 for Vancouver Canucks vs 16 for Detroit Red Wings.
3rd period
0:01 of 3rd period - Casey Mittelstadt wins face-off versus Anthony Cirelli in neutral zone.
0:14 of 3rd period - Snap shot by Jared McCann.
0:14 of 3rd period - Shot Misses the Net.
0:16 of 3rd period - Snap shot by Kevin Shattenkirk.
0:16 of 3rd period - Shot Misses the Net.
1:43 of 3rd period - Penalty to Jonathan Huberdeau is over, Jonathan Huberdeau is back on ice.
2:04 of 3rd period - Philippe Myers is hit by Chad Ruhwedel and loses puck.
2:18 of 3rd period - Icing by Anthony Cirelli.
2:19 of 3rd period - Daniel Sprong wins face-off versus Noah Cates in Detroit Red Wings zone.
2:40 of 3rd period - Noah Cates is hit by Josh Bailey.
2:46 of 3rd period - Alexander Barabanov is hit by Noah Cates and loses puck.
2:51 of 3rd period - Slapshot by Noah Hanifin.
2:51 of 3rd period - Shot Blocked by Zach Bogosian.
2:53 of 3rd period - Wrist shot by Noah Cates.
2:53 of 3rd period - Stopped by Vitek Vanecek without a rebound.
2:54 of 3rd period - Aleksander Barkov wins face-off versus Steven Stamkos in Detroit Red Wings zone.
3:20 of 3rd period - Off-side.
3:21 of 3rd period - Jesperi Kotkaniemi wins face-off versus Mika Zibanejad in neutral zone.
4:43 of 3rd period - Minor Penalty to MacKenzie Weegar for Hooking.
4:44 of 3rd period - Casey Mittelstadt wins face-off versus Anthony Cirelli in Detroit Red Wings zone.
4:49 of 3rd period - Snap shot by Jared McCann.
4:49 of 3rd period - Goal by Jared McCann - Vancouver Canucks : 0 - Detroit Red Wings : 5.
4:50 of 3rd period - Anthony Cirelli wins face-off versus Casey Mittelstadt in neutral zone.
4:53 of 3rd period - Snap shot by Jared McCann.
4:53 of 3rd period - Goal by Jared McCann - Vancouver Canucks : 0 - Detroit Red Wings : 6.
4:54 of 3rd period - Mika Zibanejad wins face-off versus Casey Mittelstadt in neutral zone.
5:21 of 3rd period - Slapshot by Anthony Cirelli.
5:21 of 3rd period - Shot Blocked by Chad Ruhwedel.
6:43 of 3rd period - Penalty to MacKenzie Weegar is over, MacKenzie Weegar is back on ice.
6:47 of 3rd period - Wrist shot by MacKenzie Weegar.
6:47 of 3rd period - Shot Misses the Net.
7:01 of 3rd period - Wrist shot by Adam Boqvist.
7:01 of 3rd period - Goal by Adam Boqvist - Vancouver Canucks : 1 - Detroit Red Wings : 6.
7:02 of 3rd period - Daniel Sprong wins face-off versus Jesperi Kotkaniemi in neutral zone.
7:09 of 3rd period - Adam Boqvist is hit by Daniel Sprong and loses puck.
7:53 of 3rd period - Noah Hanifin is hit by Matthew Boldy.
8:20 of 3rd period - Wrist shot by Arthur Kaliyev.
8:20 of 3rd period - Stopped by Joonas Korpisalo without a rebound.
8:21 of 3rd period - Steven Stamkos wins face-off versus Aleksander Barkov in Vancouver Canucks zone.
8:38 of 3rd period - Snap shot by Aleksander Barkov.
8:38 of 3rd period - Shot Misses the Net.
9:57 of 3rd period - Wrist shot by Mikko Rantanen.
9:57 of 3rd period - Goal by Mikko Rantanen - Vancouver Canucks : 2 - Detroit Red Wings : 6.
9:58 of 3rd period - Steven Stamkos wins face-off versus Aleksander Barkov in neutral zone.
10:52 of 3rd period - Slapshot by Mika Zibanejad.
10:52 of 3rd period - Stopped by Joonas Korpisalo with a rebound.
10:54 of 3rd period - Snap shot by Carter Verhaeghe.
10:54 of 3rd period - Shot Misses the Net.
10:56 of 3rd period - Snap shot by Mika Zibanejad.
10:56 of 3rd period - Shot Misses the Net.
10:58 of 3rd period - Snap shot by Matthew Boldy.
10:58 of 3rd period - Stopped by Joonas Korpisalo with a rebound.
11:00 of 3rd period - Snap shot by Shayne Gostisbehere.
11:00 of 3rd period - Deflect By Jesperi Kotkaniemi.
11:00 of 3rd period - Stopped by Joonas Korpisalo with a rebound.
11:02 of 3rd period - Snap shot by Mika Zibanejad.
11:02 of 3rd period - Shot Blocked by Taylor Raddysh.
11:04 of 3rd period - Wrist shot by Matthew Boldy.
11:04 of 3rd period - Stopped by Joonas Korpisalo without a rebound.
11:05 of 3rd period - Steven Stamkos wins face-off versus Aleksander Barkov in Vancouver Canucks zone.
11:43 of 3rd period - Snap shot by Kasperi Kapanen.
11:43 of 3rd period - Stopped by Vitek Vanecek without a rebound.
11:44 of 3rd period - Anthony Cirelli wins face-off versus Jesperi Kotkaniemi in Detroit Red Wings zone.
11:44 of 3rd period - Anthony Cirelli is hit by Jesperi Kotkaniemi.
12:27 of 3rd period - Icing by Steven Stamkos.
12:28 of 3rd period - Mika Zibanejad wins face-off versus Clayton Keller in Detroit Red Wings zone.
12:44 of 3rd period - Icing by Aleksander Barkov.
12:45 of 3rd period - Jared McCann wins face-off versus Aleksander Barkov in Vancouver Canucks zone.
13:02 of 3rd period - Snap shot by Mikko Rantanen.
13:02 of 3rd period - Stopped by Vitek Vanecek without a rebound.
13:03 of 3rd period - Robby Fabbri wins face-off versus Mika Zibanejad in Detroit Red Wings zone.
13:04 of 3rd period - Snap shot by Artturi Lehkonen.
13:04 of 3rd period - Shot Misses the Net.
13:06 of 3rd period - Snap shot by Robby Fabbri.
13:06 of 3rd period - Shot Misses the Net.
13:08 of 3rd period - Snap shot by Kasperi Kapanen.
13:08 of 3rd period - Shot Blocked by Kevin Shattenkirk.
13:10 of 3rd period - Slapshot by Miro Heiskanen.
13:10 of 3rd period - Stopped by Vitek Vanecek with a rebound.
13:12 of 3rd period - Wrist shot by Artturi Lehkonen.
13:12 of 3rd period - Deflect By Matthew Boldy.
13:12 of 3rd period - Shot Misses the Net.
13:12 of 3rd period - Puck is out of play.
13:13 of 3rd period - Mika Zibanejad wins face-off versus Robby Fabbri in Detroit Red Wings zone.
13:15 of 3rd period - Minor Penalty to Kevin Shattenkirk for Hooking.
13:16 of 3rd period - Aleksander Barkov wins face-off versus Anthony Cirelli in Detroit Red Wings zone.
13:32 of 3rd period - Slapshot by Clayton Keller.
13:32 of 3rd period - Shot Misses the Net.
13:42 of 3rd period - Jacob Bryson is hit by Josh Bailey and loses puck.
13:53 of 3rd period - Snap shot by Mika Zibanejad.
13:53 of 3rd period - Shot Blocked by Artturi Lehkonen.
15:15 of 3rd period - Penalty to Kevin Shattenkirk is over, Kevin Shattenkirk is back on ice.
15:16 of 3rd period - Slapshot by Steven Stamkos.
15:16 of 3rd period - Shot Blocked by Chad Ruhwedel.
15:26 of 3rd period - Snap shot by Kevin Shattenkirk.
15:26 of 3rd period - Stopped by Joonas Korpisalo with a rebound.
15:28 of 3rd period - Slapshot by MacKenzie Weegar.
15:28 of 3rd period - Shot Misses the Net.
15:30 of 3rd period - Snap shot by Kevin Shattenkirk.
15:30 of 3rd period - Deflect By Artturi Lehkonen.
15:30 of 3rd period - Shot Misses the Net.
15:30 of 3rd period - Puck is out of play.
15:31 of 3rd period - Noah Cates wins face-off versus Mika Zibanejad in Vancouver Canucks zone.
15:54 of 3rd period - Noah Hanifin is hit by Shayne Gostisbehere and loses puck.
16:14 of 3rd period - Snap shot by Noah Cates.
16:14 of 3rd period - Stopped by Vitek Vanecek with a rebound.
16:16 of 3rd period - Slapshot by Jake Bean.
16:16 of 3rd period - Shot Blocked by Jordie Benn.
16:38 of 3rd period - Slapshot by Clayton Keller.
16:38 of 3rd period - Stopped by Vitek Vanecek with a rebound.
16:50 of 3rd period - Snap shot by Adam Boqvist.
16:50 of 3rd period - Deflect By Artturi Lehkonen.
16:50 of 3rd period - Stopped by Vitek Vanecek with a rebound.
16:52 of 3rd period - Minor Penalty to Zach Bogosian for Hooking.
16:53 of 3rd period - Mika Zibanejad wins face-off versus Aleksander Barkov in Detroit Red Wings zone.
17:04 of 3rd period - Kevin Shattenkirk is hit by Chad Ruhwedel and loses puck.
17:31 of 3rd period - Off-side.
17:32 of 3rd period - Aleksander Barkov wins face-off versus Mika Zibanejad in neutral zone.
18:04 of 3rd period - Wrist shot by Jared McCann.
18:04 of 3rd period - Shot Misses the Net.
18:52 of 3rd period - Penalty to Zach Bogosian is over, Zach Bogosian is back on ice.
19:12 of 3rd period - Sam Lafferty is hit by Josh Bailey and loses puck.
19:30 of 3rd period - Snap shot by Noah Cates.
19:30 of 3rd period - Stopped by Vitek Vanecek with a rebound.
19:53 of 3rd period - Slapshot by Anton Lundell.
19:53 of 3rd period - Shot Blocked by Mika Zibanejad.
Goals for this period are 2 for Vancouver Canucks vs 2 for Detroit Red Wings.
Shots for this period are 10 for Vancouver Canucks vs 8 for Detroit Red Wings.
Back to the Top